 Dungeon Crawl Stone Soup version 0.31-a0-204-g7da18cac08 (webtiles) character file.

Game seed: 10272150046258981945

29300 Dylgear the Severer (level 13, -7/101 HPs)
             Began as a Formicid Fighter on June 27, 2023.
             Was an Elder of Wu Jian.
             Mangled by Rupert
             ... wielding a +0 great mace of protection
              (35 damage)
             ... on level 3 of the Lair of Beasts.
             The game lasted 00:56:20 (13171 turns).

Dylgear the Severer (Formicid Fighter)             Turns: 13171, Time: 00:56:20

Health: -7/101     AC: 16    Str: 29    XL:     13   Next: 80%
Magic:  13/13      EV:  8    Int:  9    God:    Wu Jian [****..]
Gold:   864        SH: 16    Dex: 15    Spells: 12/12 levels left

rFire   + . .        w - +1 battleaxe (elec)
rCold   . . .        y - +3 kite shield of Understanding {rF+}
rNeg    . . .        C - +0 plate armour
rPois   +            (helmet unavailable)
rElec   .            (no cloak)
rCorr   .            o - +0 pair of gloves
SInv    +            (no boots)
Will    +....        g - amulet of regeneration Stlth
                     l - ring of poison resistance
HPRegen 1.16/turn    m - +6 ring of strength
MPRegen 0.13/turn

%: no passive effects
@: mighty
A: permanent stasis, dig shafts and tunnels, antennae 3, four strong arms
a: Dig, Shaft Self, Renounce Religion, Wall Jump, Serpent's Lash


You were on level 3 of the Lair of Beasts.
You worshipped Wu Jian.
Wu Jian was greatly pleased with you.
You visited 6 branches of the dungeon, and saw 20 of its levels.

You collected 958 gold pieces.
You spent 94 gold pieces at shops.

Inventory:

Hand Weapons
 a - a +1 war axe of flaming
 w - a +1 battleaxe of electrocution (weapon)
Missiles
 p - 9 boomerangs
 A - 5 javelins
 E - 6 silver javelins
Armour
 k - a +0 chain mail
 o - a +0 pair of gloves (worn)
 y - the +3 kite shield of Understanding (worn) {rF+}
   (You acquired it on level 12 of the Dungeon)

   rF:        It protects you from fire.
 C - a +0 plate armour (worn)
 F - an orb of guile
Jewellery
 g - an amulet of regeneration (around neck)
 l - a ring of poison resistance (left hand)
 m - a +6 ring of strength (right hand)
 v - a ring of magical power
Wands
 b - a wand of digging (3)
 q - a wand of roots (26)
 r - a wand of flame (64)
Scrolls
 e - a scroll of brand weapon
 h - 2 scrolls of silence
 i - 3 scrolls of fog
 t - a scroll of identify
 u - a scroll of fear
 x - a scroll of revelation
 B - 2 scrolls of enchant weapon
Potions
 f - a potion of attraction {unknown}
 j - 3 potions of enlightenment
 n - a potion of ambrosia
 s - a potion of brilliance
 z - a potion of cancellation
 D - a potion of magic {unknown}


   Skills:
 + Level 9.2 Fighting
 * Level 15.2 Axes
 * Level 11.7 Armour
 + Level 2.7 Dodging
 + Level 0.4 Stealth
 * Level 13.9 Shields


You had 12 spell levels left.
You didn't know any spells.
Your spell library contained the following spells:

 Spells                   Type           Power      Damage    Failure   Level
 Apportation              Tloc           0%         N/A       99%         1
 Necrotise                Necr           0%         1d4       99%         1
 Summon Small Mammal      Summ           0%         N/A       99%         1
 Manifold Assault         Tloc           0%         N/A       100%        4
 Arcjolt                  Conj/Air       0%         1d10      100%        5
 Storm Form               Tmut/Air       0%         N/A       100%        7
 Maxwell's Capacitive Co  Air            0%         ∞         100%        8
 Blink                    Tloc           Unusable   N/A       N/A         2
 Vhi's Electric Charge    Tloc/Air       Unusable   N/A       N/A         3

Dungeon Overview and Level Annotations

Branches:
Dungeon (12/15)            Temple (1/1) D:6            Lair (4/5) D:10
 Shoals (1/4) Lair:3        Snake (1/4) Lair:2          Orc (1/2) D:10
  Slime: Lair:4-5

Altars:
Ashenzari
Cheibriados
Dithmenos
Elyvilon
Fedhas
Gozag
Hepliaklqana
Kikubaaqudgha
Makhleb
Nemelex Xobeh
Okawaru
Qazlal
Ru
Sif Muna
Trog
Uskayaw
Vehumet
Wu Jian
Xom
Yredelemnul
Zin
The Shining One

Shops:
D:2 =   D:5 [   D:12 *

Annotations:
D:3 3 runed translucent doors, Tollund's ghost, weakling MfSu
D:4 Natasha
D:5 1 runed translucent door, rabbitsville's ghost, novice HOCj
D:6 1 runed translucent door, AwFulAwFulPlayer's ghost, novice DsCK
D:11 Erolcha
Lair:3 Rupert
Orc:1 Urug


Innate Abilities, Weirdness & Mutations

You cannot be hasted, slowed, berserked, paralysed or teleported.
You can dig through walls and to a lower floor.
You have a pair of large antennae on your head. (SInv)
Your four strong arms can wield two-handed weapons with a shield.


Message History

Lightning courses through the komodo dragon!!
You kill the komodo dragon!
The Council accepts your kill.
No target in view!
No target in view!
Rupert the Wild comes into view.
He is wielding a +0 great mace of protection.
You see here a komodo dragon corpse.
Rupert yells loudly at you. You resist with significant effort.
There is a stone staircase leading up, spattered with blood here.
There is a stone staircase leading down here.
You climb downwards.
There is a stone staircase leading up here.
The death yak bellows!
The cane toad croaks.
You hear a bellow!
The blink frog croaks.
The death yak bellows!
There is a stone staircase leading up here.
You climb upwards.
Level annotation: Rupert Rupert roars madly and goes into a rage!
Rupert goes berserk!
There is a stone staircase leading down here.
You feel very mighty all of a sudden.
Rupert hits you with a +0 great mace of protection!!
You closely miss Rupert. You block Rupert's attack.
You slash Rupert!
Rupert is lightly wounded.
Rupert hits you with a +0 great mace of protection!!
Rupert hits you with a +0 great mace of protection.
You spin and attack Rupert.
You slice Rupert!!
Rupert is moderately wounded.
You block Rupert's attack.
You slice Rupert!! Lightning courses through Rupert!!
Rupert is heavily wounded.
You block Rupert's attack.
Rupert hits you with a +0 great mace of protection!!
* * * LOW HITPOINT WARNING * * *
Rupert attacks as you move away! You block Rupert's attack.
Rupert rages.
Rupert hits you with a +0 great mace of protection!!
You die...

#............
##..........#
##.........#
####.####....#
######.#..####P..@.
#[..><....#.####...
##..........#.#####.
#...@..........# #P.
#..@...........####.
#P..............###.
###.............P##.
#....(........####
##............####
#####
#..............##
#...#
##............P##
#...###
#.............##
#..#..###
##÷..........P##


You could see Rupert (berserk).

Vanquished Creatures
  A boulder beetle (Lair:3)
  2 death yaks
  A manticore (Lair:3)
  12 elephants
  6 black mambas
  9 cane toads
  2 unseen horrors
  3 rime drakes
  5 komodo dragons
  4 trolls
  A hornet (D:10)
  A wind drake (Lair:3)
  Grinder (D:3)
  19 blink frogs
  Sigmund (D:2)
  19 yaks
  3 wyverns
  2 basilisks (Lair:1)
  2 vampire mosquitoes (D:12)
  20 water moccasins
  Duvessa (D:4)
  2 ice beasts
  2 orc warriors
  An ogre (Orc:1)
  A sky beast (D:7)
  10 wolves
  5 centaurs
  4 kobold brigands
  11 bullfrogs
  5 scorpions
  Dowan (D:4)
  16 killer bees
  A vampire bat (Orc:1)
  7 howler monkeys
  4 jellies
  5 hounds
  A gnoll bouda (D:7)
  3 orc priests
  Jessica (D:2)
  A sleepcap (D:7)
  Terence (D:2)
  10 iguanas
  3 orc wizards
  Natasha (twice) (D:4)
  14 adders
  A river rat (Lair:1)
  2 shadow imps
  4 white imps
  2 ufetubi
  3 worms
  11 dart slugs
  34 orcs
  9 bats
  13 endoplasms
  2 giant cockroaches
  6 goblins
  8 hobgoblins
  8 jackals
  5 quokkas
  7 ball pythons
  3 frilled lizards (D:1)
  19 kobolds
  2 rats
365 creatures vanquished.

Vanquished Creatures (others)
  A bat (D:3)
1 creature vanquished.

Grand Total: 366 creatures vanquished

Notes
Turn   | Place    | Note
-------+----------+-------------------------------------------
     0 | D:1      | Dylgear the Formicid Fighter began the quest for the Orb.
     0 | D:1      | Reached XP level 1. HP: 18/18 MP: 1/1
    76 | D:1      | Reached XP level 2. HP: 21/24 MP: 2/2
   357 | D:1      | Reached XP level 3. HP: 19/30 MP: 3/3
  1045 | D:1      | Reached XP level 4. HP: 30/37 MP: 4/4
  1148 | D:2      | Noticed Jessica
  1148 | D:2      | Noticed Sigmund
  1357 | D:2      | Noticed Terence
  1368 | D:2      | Killed Terence
  1369 | D:2      | Reached skill level 3 in Axes
  1427 | D:2      | Killed Jessica
  1428 | D:2      | Reached XP level 5. HP: 17/42 MP: 5/5
  1624 | D:2      | Found Nary's Jewellery Boutique.
  1702 | D:2      | Found an opulent altar of Gozag.
  1923 | D:3      | Reached skill level 4 in Axes
  1923 | D:3      | Reached skill level 5 in Shields
  1923 | D:3      | Reached XP level 6. HP: 27/48 MP: 6/6
  2084 | D:3      | Found a shadowy altar of Dithmenos.
  2084 | D:3      | Found a runed translucent gate.
  2091 | D:3      | Found a runed translucent gate.
  2092 | D:3      | Found a runed translucent gate.
  2092 | D:3      | Noticed Tollund's ghost (weakling MfSu)
  2351 | D:3      | Found a sparkling altar of Nemelex Xobeh.
  2351 | D:3      | Found an opulent altar of Gozag.
  2378 | D:3      | Noticed Grinder
  2401 | D:3      | Killed Grinder
  2402 | D:3      | Reached skill level 5 in Armour
  2402 | D:3      | Reached skill level 1 in Dodging
  2402 | D:3      | Reached XP level 7. HP: 22/54 MP: 7/7
  2636 | D:2      | Killed Sigmund
  2637 | D:2      | Reached skill level 5 in Axes
  3236 | D:4      | Noticed Natasha
  3245 | D:4      | Killed Natasha
  3250 | D:4      | Reached XP level 8. HP: 43/61 MP: 8/8
  3426 | D:4      | Reached skill level 6 in Axes
  3681 | D:4      | Noticed Duvessa
  3681 | D:4      | Noticed Dowan
  3695 | D:4      | Killed Duvessa
  3699 | D:4      | Killed Dowan
  4062 | D:4      | Noticed Natasha
  4067 | D:4      | Killed Natasha
  4136 | D:4      | Found a snail-covered altar of Cheibriados.
  4160 | D:4      | Reached skill level 5 in Fighting
  4367 | D:5      | Entered Level 5 of the Dungeon
  4510 | D:4      | Noticed Natasha
  4620 | D:5      | Found a basalt altar of Yredelemnul.
  4750 | D:5      | Reached skill level 7 in Axes
  4758 | D:5      | Reached XP level 9. HP: 45/68 MP: 9/9
  5146 | D:5      | Found a blossoming altar of Fedhas.
  5358 | D:5      | Found a runed translucent door.
  5462 | D:5      | Noticed rabbitsville's ghost (novice HOCj)
  5529 | D:5      | Found Biorapsadgh's Armour Shop.
  5533 | D:5      | Bought a +0 pair of gloves for 63 gold pieces
  5799 | D:6      | Reached skill level 8 in Axes
  5888 | D:6      | Found a shimmering blue altar of Sif Muna.
  5959 | D:6      | Found a runed translucent door.
  5962 | D:6      | Noticed AwFulAwFulPlayer's ghost (novice DsCK)
  6241 | D:6      | Found a staircase to the Ecumenical Temple.
  6250 | Temple   | Entered the Ecumenical Temple
  6363 | Temple   | Became a worshipper of the Wu Jian Council
  6819 | D:7      | Reached XP level 10. HP: 76/76 MP: 10/10
  6840 | D:7      | Noticed a white ugly thing
  6991 | D:7      | Reached skill level 9 in Axes
  7059 | D:7      | Reached * piety under Wu Jian
  7303 | D:8      | Found a broken altar of Ashenzari.
  8228 | D:9      | Reached skill level 10 in Axes
  8350 | D:9      | Noticed an unseen horror
  8355 | D:9      | Killed an unseen horror
  8758 | D:9      | Reached ** piety under Wu Jian
  8905 | D:10     | Entered Level 10 of the Dungeon
  9098 | D:10     | Found a staircase to the Orcish Mines.
  9203 | D:10     | Noticed an unseen horror
  9212 | D:10     | Killed an unseen horror
  9213 | D:10     | Reached XP level 11. HP: 81/83 MP: 11/11
  9267 | D:10     | Noticed a fire dragon
  9270 | D:10     | Reached skill level 11 in Axes
  9273 | D:10     | You fall into a shaft and drop 2 floors!
  9360 | D:12     | Found Axoem's Assorted Antiques.
  9363 | D:12     | Bought a scroll labelled XOKIGU NIYBUUS for 31 gold pieces
  9363 | D:12     | Acquired the +3 kite shield of Understanding {rF+}
  9542 | D:11     | Noticed Erolcha
  9654 | Orc:1    | Entered Level 1 of the Orcish Mines
  9744 | Orc:1    | Noticed Urug
  9917 | D:10     | Found a white marble altar of Elyvilon.
 10022 | D:10     | Found a staircase to the Lair.
 10117 | D:10     | Found a stormy altar of Qazlal.
 10124 | D:10     | Found an iron altar of Okawaru.
 10191 | Lair:1   | Entered Level 1 of the Lair of Beasts
 10288 | D:10     | Reached skill level 10 in Shields
 10352 | Lair:1   | Reached *** piety under Wu Jian
 10437 | Lair:1   | Noticed a death yak
 10438 | Lair:1   | Noticed a death yak
 10438 | Lair:1   | Noticed a death yak
 10439 | Lair:1   | Noticed a death yak
 10439 | Lair:1   | Noticed a death yak
 10439 | Lair:1   | Noticed a death yak
 10479 | D:10     | Killed a death yak
 10480 | D:10     | Reached skill level 12 in Axes
 10533 | Lair:2   | Killed a death yak
 10536 | Lair:2   | Reached skill level 10 in Armour
 10637 | Lair:2   | Reached XP level 12. HP: 45/91 MP: 12/12
 10943 | Lair:1   | Reached skill level 13 in Axes
 11368 | Lair:2   | Reached **** piety under Wu Jian
 11468 | Lair:2   | Found a staircase to the Snake Pit.
 11500 | Snake:1  | Entered Level 1 of the Snake Pit
 11894 | Lair:2   | Reached skill level 14 in Axes
 11894 | Lair:2   | Reached XP level 13. HP: 54/98 MP: 13/13
 12528 | Lair:3   | Found a staircase to the Shoals.
 12540 | Shoals:1 | Entered Level 1 of the Shoals
 12663 | Lair:3   | Reached ***** piety under Wu Jian
 12694 | Lair:4   | Reached skill level 15 in Axes
 13108 | Lair:3   | Noticed Rupert
 13171 | Lair:3   | Mangled by Rupert

Illustrated notes

Levels and vault maps discovered:
D:1:      dpeg_arrival_windows_large_door, layout_basic, nicolae_titane
D:2:      layout_rooms, basic_altar, serial_forest,
          infiniplex_forest_lined_corner, infiniplex_forest_straight_3,
          infiniplex_forest_clump_small, infiniplex_forest_3_way,
          infiniplex_forest_diagonal, infiniplex_forest_straight_5,
          serial_shops, shop, uniq_sigmund, uniq_jessica, uniq_terence
D:3:      kennysheep_slugbush, layout_rooms, overflow_temple_1_default,
          grunt_temple_overflow_opulence, ebering_ghost_rock_garden,
          uniq_grinder
D:4:      cheibrodos_barr_body, layout_loops_corners,
          mainiacjoe_overflow_alcove_4, uniq_duvessa, uniq_natasha
D:5:      minmay_chambers_of_threes, layout_loops_corners, lemuel_crystal_altar,
          nicolae_overflow_crystal_walls, ebering_ghost_reflecting_pool,
          serial_shops, nicolae_shop_back_alley_shop, st_stairs_13
D:6:      layout_basic, nicolae_sif_muna_little_library,
          minmay_temple_entry_nine_rooms, hellmonk_ghost_happy_afterlife
D:7:      hangedman_cross_stitches, layout_rooms
D:8:      layout_loops_ring, evilmike_ruin_ashenzari
D:9:      layout_loops_cross
D:10:     dragon1_lemuel, layout_loops_ring, minitemple,
          mainiacjoe_overflow_tiny_flanked, david_lair_shrubbed, orc_0_dummy
D:11:     layout_cave_pools, reono_crystal_passage, uniq_erolcha, uniq_nergalle,
          uniq_psyche, uniq_harold
D:12:     layout_irregular_city, serial_shops, nicolae_shop_window_shopping
Temple:   minmay_temple_curvy_loop
Lair:1:   layout_chaotic_city, pond
Lair:2:   layout_cave_pods, minmay_snake_entry_six_corridors,
          lemuel_fruit_fields, grunt_megastairs_2
Lair:3:   layout_cave_pods, minmay_shoals_entry_beasts, serial_bayou_pond_d,
          lemuel_old_faithful, uniq_rupert
Lair:4:   layout_small_grid, slime_entry_1, roderic_carrion_pond
Shoals:1: layout_shoals, nicolae_shoals_circle_sea_wall,
          nicolae_shoals_stone_sculpture_thing
Snake:1:  layout_grid_maze, nicolae_triple_integral, grunt_megastairs_4
Orc:1:    layout_diamond_mine, basic_altar, roderic_batcave, bh_open_orc_temple,
          uniq_maurice, uniq_urug

Skill      XL: |  1  2  3  4  5  6  7  8  9 10 11 12 13 |
---------------+----------------------------------------+-----
Axes           | 3 4 5 7 8 10 12 14 15 | 15.2
Armour         | 4 5 6 8 9 10 11 | 11.7
Fighting       | 4 5 6 7 8 9 |  9.2
Shields        | 5 6 7 8 11 12 13 | 13.9
Dodging        | 1 2 |  2.7
Stealth        | |  0.4

Action                     |  1- 3 |  4- 6 |  7- 9 | 10-12 | 13-15 || total
---------------------------+-------+-------+-------+-------+-------++-------
  Melee: War axe           |    83 |   115 |   259 |    57 |       ||   514
         Battleaxe         |       |       |       |   519 |   201 ||   720
 Invoke: Serpent's Lash    |       |       |       |     1 |     1 ||     2
         Heavenly Storm    |       |       |       |       |     1 ||     1
Ability: Lunge             |       |       |     1 |    39 |    10 ||    50
         Whirlwind         |       |       |       |    68 |    70 ||   138
         Wall Jump         |       |       |       |    19 |    16 ||    35
         Dig               |       |       |       |     1 |       ||     1
         Shaft Self        |       |       |       |     1 |       ||     1
    Use: Scroll            |       |     8 |     8 |    13 |       ||    29
         Potion            |       |     1 |     1 |     8 |     9 ||    19
 Armour: Scale mail        |    29 |    55 |       |       |       ||    84
         Chain mail        |       |     2 |   114 |   217 |       ||   333
         Plate armour      |       |       |       |    36 |    73 ||   109
  Dodge: Dodged            |    38 |    63 |   131 |   194 |    58 ||   484
  Block: Buckler           |    24 |    40 |   102 |    67 |       ||   233
         Kite shield       |       |       |       |   353 |   131 ||   484

Table legend: (Time is in decaauts)
 A = Elapsed time spent in this place.
 B = Non-inter-level travel time spent in this place.
 C = Inter-level travel time spent in this place.
 D = Time resting spent in this place.
 E = Time spent auto-exploring this place.
 F = Levels seen in this place.
 G = Mean time per level.
                   A        B        C        D        E       F      G
               +--------+--------+--------+--------+--------+-----+--------+
         Total |  13441 |  12610 |    831 |   1597 |   6237 |  20 |  672.0 |
       Dungeon |  10111 |   9328 |    783 |   1295 |   4807 |  12 |  842.6 |
        Temple |    241 |    219 |     22 |      0 |    203 |   1 |  241.0 |
          Lair |   2950 |   2924 |     26 |    302 |   1227 |   4 |  737.5 |
        Shoals |      1 |      1 |      0 |      0 |      0 |   1 |    1.0 |
     Snake Pit |     13 |     13 |      0 |      0 |      0 |   1 |   13.0 |
  Orcish Mines |    122 |    122 |      0 |      0 |      0 |   1 |  122.0 |
               +--------+--------+--------+--------+--------+-----+--------+

Top non-repeatable levels by time:
     D:4: 1469 daAuts
     D:5: 1298 daAuts
     D:1: 1296 daAuts
  Lair:2: 1117 daAuts
     D:3: 1078 daAuts
    D:10: 1016 daAuts
  Lair:1: 942 daAuts
     D:8: 910 daAuts
  Lair:3: 841 daAuts
     D:2: 768 daAuts
     D:9: 760 daAuts
     D:6: 748 daAuts
     D:7: 552 daAuts
  Temple: 241 daAuts
    D:12: 174 daAuts
